 Dungeon Crawl Stone Soup version 0.31-a0-1555-g5715333c33 (webtiles) character file.

Game seed: 5641632277661743465

572324 James the Invulnerable (level 27, -8/201 HPs)
             Began as a Formicid Hunter on Jan 2, 2024.
             Was the Champion of the Shining One.
             Killed from afar by a hellion (37 damage)
             ... with damnation
             ... on level 3 of the Abyss on Jan 3, 2024.
             The game lasted 05:29:20 (74749 turns).

James the Invulnerable (Formicid Hunter)           Turns: 74749, Time: 05:29:21

Health: -8/201     AC: 34    Str: 24    XL:     27
Magic:  28/37      EV: 18    Int:  5    God:    the Shining One [******]
Gold:   8654       SH: 43    Dex: 27    Spells: 26/26 levels left

rFire   + . .        b - +5 arbalest of Ashenzari's Whim {elec, Dex+4}
rCold   + . .        w - +2 tower shield
rNeg    + + +        k - +2 storm dragon scales {Bai Suzhen}
rPois   +            (helmet unavailable)
rElec   +            F - +2 cloak of Fonyzokk {+Blink rPois}
rCorr   .            r - +2 pair of gloves {Str+3}
SInv    +            D - +0 pair of boots
Will    ++++.        q - necklace of Bloodlust {Fury *Rage Will++ Int-3 Slay+6} Stlth
                     i - ring of protection from fire
HPRegen 0.53/turn    o - ring of protection from cold
MPRegen 0.25/turn

%: no passive effects
@: divinely shielded, glowing, studying Short Blades
A: permanent stasis, dig shafts and tunnels, antennae 3, four strong arms, frail
1, [clumsy 1], [deterioration 1], [dopey 1], [no potion heal 1]
}: 2/15 runes: barnacled, gossamer
a: Dig, Shaft Self, Renounce Religion, Divine Shield, Cleansing Flame, Summon
Divine Warrior, Brand Weapon With Holy Wrath


You were on level 3 of the Abyss.
You worshipped the Shining One.
The Shining One was exalted by your worship.
You visited 9 branches of the dungeon, and saw 44 of its levels.
You visited the Abyss 1 time.
You also visited: Bailey.

You collected 10312 gold pieces.
You spent 1658 gold pieces at shops.

Inventory:

Hand Weapons
 a - the +9 orcbow "Hellblazer" {freeze, Dex+3}
   (You bought it in a shop on level 2 of the Orcish Mines)

   Dex+3:     It affects your dexterity (+3).
 b - the +5 arbalest of Ashenzari's Whim (weapon) {elec, Dex+4}
   (You found it on level 3 of the Elven Halls)

   Dex+4:     It affects your dexterity (+4).
Missiles
 s - 14 curare-tipped darts {!f}
 z - 6 throwing nets {!f}
 I - 9 datura-tipped darts
 L - 6 darts of dispersal {!f}
 U - 14 atropa-tipped darts
Armour
 k - +2 storm dragon scales (worn) {Bai Suzhen}
   (You found it on level 3 of the Spider Nest)
 r - a +2 pair of gloves of strength (worn)
   (You found it on level 4 of the Spider Nest)
 w - a +2 tower shield (worn)
   (You took it off a daeva on level 2 of the Abyss)
 D - a +0 pair of boots (worn)
   (You found it on level 14 of the Dungeon)
 F - the +2 cloak of Fonyzokk (worn) {+Blink rPois}
   (You acquired it on level 2 of the Shoals)

   rPois:     It protects you from poison +Blink: It lets you blink.
Jewellery
 e - an amulet of regeneration
   (You found it on level 6 of the Dungeon)
 h - a +4 ring of slaying
   (You bought it in a shop on level 9 of the Dungeon)
 i - a ring of protection from fire (left hand)
   (You found it on level 6 of the Dungeon)
 m - a ring of willpower
   (You found it on level 1 of the Dungeon)
 o - a ring of protection from cold (right hand)
   (You found it on level 1 of the Dungeon)
 p - a +6 ring of strength
   (You found it on level 4 of the Shoals)
 q - the necklace of Bloodlust (around neck) {Fury *Rage Will++ Int-3 Slay+6}
   (You found it on level 4 of the Vaults)

   [amulet of nothing]

   Fury:      It extends the wearer's berserk rage when killing foes.
   Int-3:     It affects your intelligence (-3).
   Slay+6:    It affects your accuracy & damage with ranged weapons and melee
   (+6).
   Will++:    It greatly increases your willpower.
   *Rage:     It berserks you when you make melee attacks (+50% chance).
 y - the ring "Johot" {AC+4 Dex+2}
   (You found it on level 1 of the Spider Nest)

   [ring of protection]

   AC+4:      It affects your AC (+4).
   Dex+2:     It affects your dexterity (+2).
 K - a ring of flight
   (You took it off an ironbound thunderhulk on level 1 of the Vaults)
 R - an amulet of reflection
   (You found it on level 9 of the Dungeon)
Wands
 d - a wand of iceblast (48)
   (You found it on level 7 of the Dungeon)
 t - a wand of quicksilver (25)
   (You found it on level 1 of the Lair of Beasts)
 v - a wand of digging (5)
   (You found it on level 8 of the Dungeon)
 W - a wand of charming (41)
   (You found it on level 1 of the Lair of Beasts)
 X - a wand of polymorph (17)
   (You found it on level 5 of the Dungeon)
Scrolls
 g - 8 scrolls of fear
 j - 3 scrolls of silence
 l - 8 scrolls of brand weapon
 n - 8 scrolls of immolation {!r}
 A - 8 scrolls of revelation
 E - 5 scrolls of enchant armour
 H - 4 scrolls of enchant weapon
 J - 5 scrolls of fog
 M - 9 scrolls of poison {!r}
 O - 4 scrolls of butterflies
Potions
 c - 5 potions of lignification {!q}
 f - 24 potions of curing {@q1}
 u - 9 potions of enlightenment
 B - 8 potions of brilliance
 P - 5 potions of might
 Q - 9 potions of resistance
 T - 13 potions of heal wounds {@q2}
 V - 13 potions of mutation {!q}
 Y - 4 potions of magic
 Z - a potion of cancellation
Miscellaneous
 G - a box of beasts
   (You found it on level 10 of the Dungeon)


   Skills:
 + Level 19.9 Fighting
 + Level 20.5 Ranged Weapons
 O Level 27 Armour
 + Level 11.4 Dodging
 - Level 1.2 Stealth
 - Level 24.0 Shields
 + Level 21.7 Invocations


You had 26 spell levels left.
You didn't know any spells.
Your spell library contained the following spells:

 Spells                   Type           Power      Damage    Failure   Level
 Apportation              Tloc           0%         N/A       83%         1
 Foxfire                  Conj/Fire      0%         2x1d4     83%         1
 Freeze                   Ice            0%         1d3       83%         1
 Kiss of Death            Conj/Necr      0%         2d5       83%         1
 Magic Dart               Conj           0%         1d3       83%         1
 Sandblast                Erth           0%         2d4       83%         1
 Shock                    Conj/Air       0%         1d3       83%         1
 Slow                     Hex            0%         N/A       83%         1
 Sting                    Conj/Alch      0%         1d3       83%         1
 Summon Small Mammal      Summ           0%         N/A       83%         1
 Ensorcelled Hibernation  Hex/Ice        0%         N/A       93%         2
 Jinxbite                 Hex            0%         N/A       93%         2
 Lesser Beckoning         Tloc           0%         N/A       93%         2
 Mercury Vapours          Alch/Air       0%         N/A       93%         2
 Momentum Strike          Conj/Tloc      0%         3d8       93%         2
 Searing Ray              Conj           0%         2d4       93%         2
 Static Discharge         Conj/Air       0%         3-3/arc   93%         2
 Call Canine Familiar     Summ           0%         N/A       99%         3
 Confusing Touch          Hex            0%         N/A       99%         3
 Frozen Ramparts          Ice            0%         1d1       99%         3
 Fugue of the Fallen      Necr           0%         N/A       99%         3
 Gell's Gravitas          Tloc           0%         N/A       99%         3
 Hailstorm                Conj/Ice       0%         3d5       99%         3
 Passwall                 Erth           0%         N/A       99%         3
 Sigil of Binding         Hex            0%         N/A       99%         3
 Stone Arrow              Conj/Erth      0%         3d7       99%         3
 Summon Ice Beast         Ice/Summ       0%         N/A       99%         3
 Teleport Other           Tloc           0%         N/A       99%         3
 Vampiric Draining        Necr           0%         2d6       99%         3
 Airstrike                Air            0%         2d(0-16)  100%        4
 Anguish                  Hex/Necr       0%         N/A       100%        4
 Animate Armour           Summ/Erth      0%         N/A       100%        4
 Brom's Barrelling Bould  Conj/Erth      0%         2d3       100%        4
 Dispel Undead            Necr           0%         3d6       100%        4
 Fulminant Prism          Conj/Alch      0%         3d5       100%        4
 Leda's Liquefaction      Alch/Erth      0%         N/A       100%        4
 Manifold Assault         Tloc           0%         N/A       100%        4
 Olgreb's Toxic Radiance  Alch           0%         N/A       100%        4
 Passage of Golubria      Tloc           0%         N/A       100%        4
 Petrify                  Alch/Erth      0%         N/A       100%        4
 Summon Blazeheart Golem  Fire/Summ      0%         N/A       100%        4
 Summon Lightning Spire   Summ/Air       0%         N/A       100%        4
 Alistair's Intoxication  Alch           0%         N/A       100%        5
 Arcjolt                  Conj/Air       0%         1d10      100%        5
 Lee's Rapid Deconstruct  Erth           0%         3d4*      100%        5
 Metabolic Englaciation   Hex/Ice        0%         N/A       100%        5
 Silence                  Hex/Air        0%         N/A       100%        5
 Summon Forest            Summ/Tloc      0%         N/A       100%        5
 Summon Mana Viper        Hex/Summ       0%         N/A       100%        5
 Bombard                  Conj/Erth      0%         9d1       100%        6
 Conjure Ball Lightning   Conj/Air       0%         3x3d6     100%        6
 Dispersal                Tloc           0%         N/A       100%        6
 Eringya's Noxious Bog    Alch           0%         4d6       100%        6
 Plasma Beam              Fire/Air       0%         2x1d10    100%        6
 Starburst                Conj/Fire      0%         6d3       100%        6
 Monstrous Menagerie      Summ           0%         N/A       100%        7
 Spellforged Servitor     Conj/Summ      0%         N/A       100%        7
 Summon Hydra             Summ           0%         N/A       100%        7
 Disjunction              Tloc           0%         N/A       100%        8
 Lehudib's Crystal Spear  Conj/Erth      0%         10d2      100%        8
 Maxwell's Capacitive Co  Air            0%         ∞         100%        8
 Chain Lightning          Conj/Air       0%         N/A       100%        9
 Fire Storm               Conj/Fire      0%         5d1       100%        9
 Shatter                  Erth           0%         3d5*      100%        9
 Blink                    Tloc           Unusable   N/A       N/A         2
 Swiftness                Air            Unusable   N/A       N/A         3
 Vhi's Electric Charge    Tloc/Air       Unusable   N/A       N/A         4

Dungeon Overview and Level Annotations

Branches:
Dungeon (15/15)            Temple (0/1) D:6            Lair (5/5) D:10
 Shoals (4/4) Lair:3       Spider (4/4) Lair:3        Slime (0/5) Lair:4
    Orc (2/2) D:9             Elf (3/3) Orc:2        Vaults (4/5) D:13
  Crypt (3/3) Vaults:2       Tomb (0/3) Crypt:3      Depths (4/4) D:15
    Zot (0/5) Depths:4     Bailey (visited)

Altars:
Ashenzari
Ru
Trog
Xom
Zin
The Shining One

Shops:
D:2 !   D:8 *   D:9 =   Orc:1 ?   Orc:2 (=:[   Elf:3 *=[   Vaults:1 (
Vaults:3 ?   Depths:3 (

Portals:
Hell: Depths:1 Depths:2 Depths:3 Depths:4
Abyss: Depths:3
Pandemonium: Depths:2 Depths:3
Ziggurat: Depths:2
Trove: D:14 (give horn of Geryon)

Annotations:
D:5 1 exclusion
Elf:2 3 runed translucent doors


Innate Abilities, Weirdness & Mutations

You cannot be hasted, slowed, berserked, paralysed or teleported.
You can dig through walls and to a lower floor.
You have a pair of large antennae on your head. (SInv)
Your four strong arms can wield two-handed weapons with a shield.
You are frail. (-10% HP)
[You are clumsy. (Dex -2)]
[Your body sometimes deteriorates upon taking damage.]
[You are dopey. (Int -2)]
[Potions are less effective at restoring your health.]


Message History

The thorn hunter is destroyed!
Fire: b) +5 arbalest of Ashenzari's Whim {elec, Dex+4}
Press: ? - help, Q - select action, (/) - cycle Shift-Dir - straight line, f/p - great orb of eyes
Aim: a great orb of eyes (moderately wounded, ally target, haloed, 97% to hit)
You shoot a bolt.
The bolt hits the great orb of eyes but does no damage.
The briar patch crumbles away.
You block the great orb of eyes's attack.
Your daeva hits the great orb of eyes with a +3 scimitar of holy wrath!!
Your daeva hits the great orb of eyes with a +3 scimitar of holy wrath.
Fire: b) +5 arbalest of Ashenzari's Whim {elec, Dex+4}
Press: ? - help, Q - select action, (/) - cycle Shift-Dir - straight line, f/p - great orb of eyes
Aim: a great orb of eyes (severely wounded, not watching you, ally target, haloed, 97% to hit)
You shoot a bolt. The bolt hits the great orb of eyes!!!
Lightning courses through the great orb of eyes!
You kill the great orb of eyes!
Your angel hits the wretched star with a +2 sacred scourge of holy wrath!
Your angel completely misses the wretched star.
Your daeva hits the wretched star with a +3 scimitar of holy wrath!!!
Your daeva hits the wretched star but does no damage.
The wretched star glows turbulently.
The lance of force hits your angel!!
Your angel is knocked back by the lance of force.
Your angel slams into the stone wall!
You feel the corruption within you wane somewhat.
You feel a little healthier.
Your body's shape seems more normal.
Your system partly accepts the healing effects of potions.
Your daeva hits the wretched star with a +3 scimitar of holy wrath!!
The wretched star is destroyed!
A will-o-the-wisp and a smoke demon come into view.
Found a runelight.
The will-o-the-wisp gives a chilling moan.
The smoke demon roars!
Your angel gestures.
Your angel is healed somewhat.
Your daeva hits the will-o-the-wisp with a +3 scimitar of holy wrath! x2
Fire: b) +5 arbalest of Ashenzari's Whim {elec, Dex+4}
Press: ? - help, Q - select action, (/) - cycle Shift-Dir - straight line, f - will-o-the-wisp
Aim: a will-o-the-wisp (severely damaged, not watching you, ally target, haloed, 88% to hit)
You shoot a bolt. The bolt hits the will-o-the-wisp!!
You destroy the will-o-the-wisp!
You feel the corruption within you wane somewhat.
You feel agile.
You feel clever.
Okay, then.
Your system partially rejects the healing.
You feel much better.
The briar patch crumbles away.
The sphere of damnation explodes!
The damnation engulfs your daeva!!
The damnation engulfs the smoke demon!!
The damnation engulfs your angel! The damnation engulfs you!!!
You die...

#.. #.. # #.3
. ,. ...#,.X
..φ# { ..{# xX
### .#.##{{xX
#.# # ##...#{#
# ..# #. #3.v⌠
{ #... # ..
##A##
##{{#...# #.
#.A@## {.†.∩ #
#P#....###
.#...#
#P.#...#.#
#...
#P.###..... #
..###P
#PP....#......


.PP ##P.. ...#...P..####. #P### ..#..##### # #. #...#### ## ## ##.#.. You could
see a smoke demon (distracted, ally target), a friendly daeva (summoned) and a
friendly angel (summoned).

Vanquished Creatures
  2 juggernauts (Depths:3)
  Bai Suzhen (Spider:3)
  Boris (thrice) (Vaults:1 Vaults:2 Depths:4)
  Saint Roka (Orc:1)
  Margery (Vaults:4)
  3 caustic shrikes (Depths:4)
  2 golden dragons
  Jory (Crypt:3)
  2 bone dragons
  Jorgrun (Shoals:3)
  3 tentacled monstrosities
  Zenata (Vaults:1)
  A walking earthen tome (Depths:3)
  A Hell Sentinel (Abyss:2)
  5 liches
  2 deep elf master archers (Elf:3)
  2 titans
  A walking divine tome (Depths:3)
  2 deep elf blademasters (Elf:3)
  4 ancient champions
  An Executioner (Abyss:2)
  A walking frostbound tome (Depths:4)
  6 sphinxes
  A kraken (Shoals:4)
  9 tentacled starspawn
  Kirke (Spider:1)
  5 tengu reavers
  The ghost of confidenceinterval the Brawler, a journeyman OnGl of Makhleb (Orc:1)
  2 shadow dragons
  A storm dragon (Depths:4)
  Aizul (Vaults:4)
  Donald (Shoals:1)
  Roxanne (Shoals:3)
  A daeva (Abyss:2)
  4 fire giants
  7 frost giants
  2 revenants (Crypt:1)
  A draconian monk (Depths:4)
  A draconian shifter (Abyss:2)
  2 iron dragons (Depths:2)
  Louise (Shoals:4)
  A caustic shrike zombie (Crypt:2)
  A spectral caustic shrike (Depths:2)
  6 deep elf sorcerers
  5 vault wardens
  3 emperor scorpions
  7 ghost moths
  A spectral juggernaut (Depths:2)
  3 deep elf elementalists (Elf:3)
  A curse skull (Crypt:3)
  A draconian stormcaller (Depths:4)
  A draconian annihilator (Depths:4)
  4 orc warlords
  3 reapers (Crypt:3)
  14 ironbound preservers
  6 ghouls
  4 spriggan defenders
  2 broodmothers
  12 ironbound thunderhulks
  9 stone giants
  19 very ugly things
  A caustic shrike skeleton (Depths:3)
  19 vampire knights
  2 formless jellyfish
  A green draconian (Depths:4)
  7 deep elf demonologists (Elf:3)
  The ghost of tish the Marksspriggan, a journeyman SpHu of Hepliaklqana (Spider:1)
  2 spectral titans (Depths:2)
  11 deep elf death magi
  Azrael (Spider:2)
  Nessos (D:14)
  3 war gargoyles
  6 deep elf annihilators
  2 purple draconians (Depths:4)
  10 dire elephants
  3 red draconians (Depths:4)
  4 spark wasps
  13 merfolk impalers
  An acid blob zombie (Crypt:2)
  8 ettins
  4 eidola
  6 merfolk javelineers
  7 fire dragons
  19 jiangshi
  A crystal guardian (Vaults:3)
  2 entropy weavers
  3 deep elf high priests
  4 spriggan zombies
  2 spectral golden dragons (Depths:2)
  9 ice dragons
  3 spectral tengu (Depths:2)
  6 yaktaur captains
  11 vault guards
  9 great orbs of eyes
  5 hydras
  Fannar (Lair:3)
  A peacekeeper (Vaults:3)
  7 rakshasas
  2 spectral sphinxes (Depths:2)
  12 ironbound frosthearts
  A jorogumo (Spider:3)
  A quicksilver dragon skeleton (Vaults:3)
  A juggernaut simulacrum (Crypt:2)
  6 ogre magi
  2 spriggan air magi
  3 spectral shadow dragons (Depths:2)
  3 caustic shrike simulacra (Depths:2)
  A spriggan skeleton (Depths:3)
  An alligator snapping turtle (Shoals:4)
  6 boulder beetles
  2 death knights
  A merfolk aquamancer (Shoals:2)
  6 radroaches
  A spectral fire giant (Depths:2)
  A spectral stone giant (Depths:2)
  4 catoblepae
  7 centaur warriors
  8 two-headed ogres
  15 dancing weapons
  3 merfolk avatars
  2 satyrs (Shoals:3)
  4 spectral frost giants (Depths:2)
  5 deep troll shamans
  7 tengu warriors
  8 hell hogs
  2 deep troll earth magi
  15 death yaks
  4 demonic crawlers
  A sphinx skeleton (Depths:3)
  4 orc high priests (Orc:2)
  4 thrashing horrors
  5 spriggan berserkers
  14 vampire magi
  2 occultists
  A spectral storm dragon (Depths:2)
  8 deep elf knights
  Sonja (Lair:4)
  A sun demon (Depths:1)
  7 hell knights
  7 soul eaters
  3 storm dragon zombies (Crypt:3)
  4 wretched stars
  3 skysharks
  A shadow wraith (Crypt:3)
  A bunyip zombie (Abyss:1)
  7 iron trolls
  An iron giant zombie (Crypt:3)
  22 skeletal warriors
  3 golden dragon zombies (Crypt:3)
  4 pharaoh ants
  14 sea snakes
  2 spectral spark wasps (Depths:2)
  2 death drakes
  A sea snake (shapeshifter) (D:15)
  A mana viper (Abyss:1)
  43 deep trolls
  A quicksilver dragon simulacrum (Depths:2)
  3 bog bodies
  2 sun moths
  10 orb spiders
  13 deep elf archers
  An iron giant skeleton (Crypt:3)
  12 lindwurms
  7 glowing orange brains
  2 orange crystal statues (Depths:2)
  A spectral iron dragon (Depths:2)
  7 orc knights
  A steelbarb worm (shapeshifter) (Elf:2)
  5 arcanists
  Pikel (D:9)
  12 ironbound convokers
  5 flayed ghosts
  A tengu zombie (Depths:3)
  18 wolf spiders
  6 steelbarb worms
  23 harpies
  3 orc sorcerers (Orc:2)
  38 ugly things
  15 phantasmal warriors
  2 anaconda skeletons
  17 large abominations
  23 manticores
  26 deep elf zephyrmancers
  22 deep elf pyromancers
  9 cyclopes
  3 fauns (Shoals:2)
  A wolf spider zombie (Crypt:2)
  A spectral ettin (Depths:2)
  7 necromancers
  A shadow dragon skeleton (Crypt:1)
  4 moths of wrath
  3 spectral spriggans (Depths:2)
  A centaur zombie (Crypt:3)
  13 meliai
  A salamander (Depths:1)
  An orc zombie (Crypt:3)
  An eleionoma skeleton (Crypt:3)
  A will-o-the-wisp (Abyss:3)
  5 black mambas
  4 kobold blastminers
  16 elephants
  An eye of devastation (Abyss:2)
  8 merfolk sirens
  2 guardian serpents
  4 smoke demons
  21 vault sentinels
  A titan simulacrum (Depths:2)
  A torpor snail (shapeshifter) (Depths:3)
  An apocalypse crab (Abyss:3)
  2 dire elephant zombies
  4 water nymphs
  2 gargoyles
  10 torpor snails
  3 orange demons
  A cane toad (shapeshifter) (Elf:1)
  A fire giant skeleton (Depths:3)
  11 cane toads
  4 rime drakes
  A redback zombie (Crypt:3)
  17 yaktaurs
  An unseen horror (D:11)
  2 kobold demonologists (D:10)
  3 tengu conjurers
  8 komodo dragons
  A spark wasp simulacrum (Depths:3)
  2 freezing wraiths
  A hellion (Depths:1)
  A tormentor (Abyss:1)
  An ice devil (Abyss:2)
  4 ancient zymes
  2 harpy zombies
  2 human skeletons
  A golden dragon simulacrum (Depths:2)
  8 trolls
  A hydra zombie (Crypt:3)
  35 merfolk
  2 polar bears (shapeshifter)
  A yaktaur skeleton (Vaults:3)
  2 spectral glowing shapeshifters (Depths:2)
  4 polar bears
  11 raiju
  2 tengu simulacra
  15 blink frogs
  7 glass eyes
  22 tarantellas
  2 shadow dragon simulacra (Depths:2)
  8 wind drakes
  8 dream sheep (Lair:5)
  A meliai zombie (Crypt:1)
  A fire dragon zombie (Crypt:2)
  9 snapping turtles
  2 harpy skeletons
  2 centaur simulacra
  An iron dragon simulacrum (Depths:2)
  24 jumping spiders
  28 slime creatures
  3 shadows
  2 spriggans (Depths:2)
  14 culicivoras
  12 water elementals
  38 yaks
  23 vampires
  A ynoxinul (Abyss:1)
  An elf zombie (Vaults:3)
  6 wraiths
  6 wyverns
  6 basilisks
  7 humans (D:13)
  2 fire bats (Abyss:1)
  An ettin skeleton (Crypt:3)
  9 fire elementals
  A fire bat (shapeshifter) (D:15)
  3 golden eyes (Abyss:2)
  3 wargs
  17 redbacks
  4 neqoxecs
  15 vampire mosquitoes
  3 chaos spawn
  15 small abominations
  Menkaure (D:6)
  5 steam dragons
  A naga (shapeshifter) (D:13)
  17 water moccasins
  4 hell hounds
  An entropy weaver zombie (Crypt:3)
  Duvessa (D:6)
  3 acid dragons
  A two-headed ogre zombie (Crypt:1)
  4 sky beasts
  2 ice beasts (D:6)
  10 laughing skulls
  22 orc warriors
  5 black bears
  8 ogres
  12 wolves
  A lindwurm skeleton (Crypt:3)
  8 boggarts
  11 centaurs
  17 starcursed masses (Abyss:2)
  A lemure (D:9)
  3 phantoms
  2 kobold brigands
  A weeping skull (Abyss:1)
  A draconian zombie (Crypt:1)
  A brain worm (shapeshifter) (Depths:3)
  A necrophage (Crypt:3)
  11 bullfrogs
  An earth elemental (Elf:1)
  A gnoll sergeant (D:9)
  11 scorpions
  A draconian skeleton (Crypt:2)
  A glowing shapeshifter simulacrum (Depths:2)
  A wyvern skeleton (Crypt:1)
  11 wights
  Dowan (D:6)
  5 killer bees
  4 howler monkeys
  2 vampire bats
  5 electric eels
  A wolf zombie (Crypt:1)
  A lava snake (Elf:3)
  A bombardier beetle (D:6)
  A wolf skeleton (Crypt:2)
  A black bear zombie (Crypt:1)
  3 hounds (D:5)
  3 quasits
  A jelly (D:6)
  19 orc priests
  A sleepcap (D:8)
  2 gnoll boudas
  5 iron imps
  2 iguanas
  22 orc wizards
  6 mutant beasts (D:10)
  A brain worm zombie (Crypt:1)
  A tengu skeleton (Crypt:2)
  17 gnolls
  8 adders
  2 white imps
  2 ufetubi (Abyss:2)
  A jelly zombie (Crypt:1)
  A lava snake skeleton (Crypt:2)
  3 dart slugs
  4 ribbon worms
  90 orcs
  5 endoplasms
  A giant cockroach (D:3)
  8 goblins
  8 hobgoblins
  4 jackals
  11 kobolds
  3 quokkas
  6 ball pythons
  A ball python skeleton (Crypt:2)
  A ball python zombie (Crypt:3)
  13 bats
  4 frilled lizards
  A goblin skeleton (Crypt:2)
  An orc skeleton (Crypt:1)
  6 rats
  A lurking horror (Abyss:2)
  11 starspawn tentacles
  2 tentacles (Shoals:4)
2035 creatures vanquished.

Vanquished Creatures (collateral kills)
  An ancient lich (Abyss:2)
  Vv (Depths:2)
  3 caustic shrikes (Depths:3)
  the Enchantress (Depths:2)
  A Tzitzimitl (Depths:2)
  A searing wretch (Vaults:4)
  Polyphemus (Shoals:2)
  A tentacled starspawn (Abyss:2)
  A thorn hunter (Abyss:3)
  A daeva (Abyss:2)
  A deep elf death mage (Vaults:4)
  A spectral titan (Depths:2)
  An eidolon (Depths:2)
  A fire dragon (D:12)
  A yaktaur captain (Vaults:4)
  An ironbound frostheart (Vaults:4)
  An ice dragon (Depths:2)
  A merfolk avatar (Shoals:2)
  A deep troll earth mage (D:12)
  A hell knight (Vaults:4)
  A wretched star (Abyss:3)
  A soul eater (Depths:2)
  A sixfirhy (Abyss:2)
  A sphinx simulacrum (Depths:2)
  An ancient zyme (Abyss:2)
  A yaktaur (Vaults:4)
  2 raiju (Abyss:2)
  A small abomination (Abyss:2)
  A starcursed mass (Abyss:2)
  A starspawn tentacle (Abyss:2)
33 creatures vanquished.

Vanquished Creatures (others)
  A tengu conjurer (D:15)
  2 small abominations (Abyss:2)
  3 humans (Spider:2)
  2 orcs (D:6)
  A bat (Lair:4)
  A lurking horror (Abyss:3)
  20 starspawn tentacles
  4 tentacles (Shoals:4)
34 creatures vanquished.

Grand Total: 2102 creatures vanquished

Notes
Turn   | Place    | Note
-------+----------+-------------------------------------------
     0 | D:1      | James the Formicid Hunter began the quest for the Orb.
     0 | D:1      | Reached XP level 1. HP: 16/16 MP: 1/1
   201 | D:1      | Reached XP level 2. HP: 22/22 MP: 2/2
   568 | D:1      | Reached XP level 3. HP: 27/27 MP: 3/3
   761 | D:1      | Reached skill level 5 in Ranged Weapons
  1579 | D:2      | Found Pufae's Distillery.
  1587 | D:2      | Bought a potion of curing for 39 gold pieces
  1598 | D:2      | Reached XP level 4. HP: 25/33 MP: 4/4
  2781 | D:3      | Identified the +3 ring mail of Mauceaz {rPois rC- Str+8
                  | Dex-5}
  2806 | D:3      | Reached XP level 5. HP: 32/38 MP: 5/5
  2981 | D:3      | Reached skill level 1 in Armour
  3281 | D:4      | Reached skill level 2 in Armour
  3369 | D:4      | Reached XP level 6. HP: 41/46 MP: 6/6
  3401 | D:3      | Reached skill level 3 in Armour
  3478 | D:4      | Noticed a black bear
  3486 | D:4      | Killed a black bear
  3617 | D:4      | Identified 2 scrolls of acquirement
  4080 | D:4      | Reached XP level 7. HP: 52/52 MP: 7/7
  4236 | D:4      | Found a bloodstained altar of Trog.
  4389 | D:4      | Found a glowing golden altar of the Shining One.
  4399 | D:4      | Found a glowing silver altar of Zin.
  4403 | D:4      | Found a broken altar of Ashenzari.
  4435 | D:4      | Became a worshipper of the Shining One
  4832 | D:5      | Entered Level 5 of the Dungeon
  5011 | D:5      | Reached XP level 8. HP: 12/58 MP: 8/8
  5667 | D:5      | Reached skill level 4 in Armour
  6132 | D:6      | Found a staircase to the Ecumenical Temple.
  6221 | D:6      | Noticed a shadow
  6225 | D:6      | Killed a shadow
  6226 | D:6      | Reached XP level 9. HP: 66/67 MP: 9/9
  6229 | D:6      | Reached * piety under the Shining One
  6236 | D:6      | Reached skill level 5 in Fighting
  6236 | D:6      | Reached skill level 5 in Armour
  6540 | D:6      | Noticed Dowan
  6550 | D:6      | Killed Dowan
  6551 | D:6      | Reached skill level 10 in Ranged Weapons
  6562 | D:6      | Noticed Duvessa
  6573 | D:6      | Killed Duvessa
  7010 | D:6      | Reached skill level 6 in Armour
  7668 | D:6      | Acquired 646 gold pieces
  7769 | D:7      | Reached XP level 10. HP: 49/77 MP: 10/10
  7920 | D:7      | Found a sacrificial altar of Ru.
  8029 | D:7      | Noticed Menkaure
  8052 | D:6      | Killed Menkaure
  8150 | D:7      | Reached skill level 7 in Armour
  8481 | D:8      | Noticed a deep elf pyromancer
  8488 | D:8      | Reached ** piety under the Shining One
  8549 | D:8      | Found Enokhleb's General Store.
  8940 | D:8      | Killed a deep elf pyromancer
  9614 | D:9      | Found a staircase to the Orcish Mines.
  9637 | D:9      | Reached skill level 8 in Armour
  9773 | D:8      | Reached XP level 11. HP: 77/86 MP: 11/11
 10044 | D:9      | Reached skill level 1 in Shields
 10320 | D:9      | Found Myum's Jewellery Emporium.
 10687 | D:10     | Entered Level 10 of the Dungeon
 10732 | D:9      | Bought a +4 ring of slaying for 1014 gold pieces
 10816 | D:10     | Noticed a juvenile batweird beast
 10821 | D:10     | Reached skill level 5 in Shields
 10896 | D:10     | Found a flagged portal.
 10906 | D:10     | Identified the +3 spear "Jucrur" {speed, MP+9}
 10922 | Bailey   | Entered a bailey
 11331 | D:10     | Reached *** piety under the Shining One
 11544 | D:10     | Identified the +1 hand axe of Virchiaz {vamp, rN+}
 11797 | D:10     | Found a staircase to the Lair.
 11842 | D:10     | Killed a juvenile batweird beast
 12207 | D:10     | Found a staircase to the Lair.
 12668 | D:10     | Reached skill level 10 in Shields
 13768 | D:9      | Noticed Pikel
 13782 | D:9      | Killed Pikel
 13783 | D:9      | Reached XP level 12. HP: 92/92 MP: 12/12
 14114 | D:9      | Reached **** piety under the Shining One
 14205 | Lair:1   | Entered Level 1 of the Lair of Beasts
 15176 | Lair:2   | Reached skill level 15 in Shields
 15375 | Lair:2   | Reached XP level 13. HP: 92/98 MP: 13/13
 16025 | Lair:2   | Reached skill level 1 in Invocations
 16195 | Lair:3   | Found a hole to the Spider Nest.
 16318 | Lair:3   | Reached skill level 9 in Armour
 16338 | Lair:3   | Reached skill level 5 in Invocations
 16383 | Lair:3   | Noticed Fannar
 16412 | Lair:3   | Killed Fannar
 16683 | Lair:3   | Found a staircase to the Shoals.
 17413 | Lair:4   | Noticed Sonja
 17850 | Lair:4   | Killed Sonja
 17859 | Lair:4   | Noticed a four-headed hydra
 18010 | Lair:3   | Reached XP level 14. HP: 89/109 MP: 19/19
 18034 | Lair:4   | Found a staircase to the Slime Pits.
 18439 | Lair:4   | Reached skill level 10 in Fighting
 18439 | Lair:4   | Reached skill level 10 in Armour
 18603 | Lair:5   | Entered Level 5 of the Lair of Beasts
 18639 | Lair:5   | Reached ***** piety under the Shining One
 18772 | Lair:4   | Reached skill level 10 in Invocations
 20393 | Lair:5   | Reached XP level 15. HP: 95/117 MP: 24/24
 20745 | Lair:5   | Identified the staff of the Scroll {rN+ Int-2 Dex+4 SInv
                  | Necro}
 21155 | D:12     | Reached skill level 5 in Dodging
 22470 | Orc:1    | Entered Level 1 of the Orcish Mines
 22577 | Orc:2    | Entered Level 2 of the Orcish Mines
 22591 | Orc:2    | Found a staircase to the Elven Halls.
 22672 | Orc:1    | Found Liom's Magic Scroll Shoppe.
 22855 | Orc:1    | Noticed an orc warlord
 22948 | Orc:2    | Killed an orc warlord
 23223 | Orc:1    | Found a runed translucent door.
 23223 | Orc:1    | Found a shimmering altar of Xom.
 23223 | Orc:1    | Noticed confidenceinterval's ghost (journeyman OnGl)
 23369 | Orc:2    | Noticed Saint Roka
 23775 | Orc:1    | Killed Saint Roka
 23957 | Orc:2    | Noticed an orc warlord
 23986 | Orc:1    | Killed an orc warlord
 25147 | Orc:2    | Reached XP level 16. HP: 115/127 MP: 26/26
 25383 | Orc:2    | Found Guysch's Antique Weapon Emporium.
 25383 | Orc:2    | Found Sasoafih's Jewellery Shop.
 25385 | Orc:2    | Found Qumut's Book Emporium.
 25385 | Orc:2    | Found Qiruop's Armour Shop.
 25568 | Orc:2    | Bought a pitted orcbow for 280 gold pieces
 25568 | Orc:2    | Identified the +9 orcbow "Hellblazer" {freeze, Dex+3} (You
                  | bought it in a shop on level 2 of the Orcish Mines)
 25575 | Orc:2    | Acquired 685 gold pieces
 25821 | D:13     | Reached skill level 15 in Invocations
 25856 | D:13     | Reached ****** piety under the Shining One
 26530 | D:13     | Reached skill level 15 in Ranged Weapons
 26677 | D:13     | Identified the +6 trident of Daiwnohu {holy, ^Fragile Str+4
                  | Dex+4}
 26746 | D:13     | Found a gate to the Vaults.
 26756 | D:13     | Identified the +5 plate armour of the Monk {Will+ Dex+2}
 26819 | D:13     | Identified the +6 dagger of the Enormous God {freeze,
                  | *Noise Str+2 Int+4}
 26923 | D:13     | Found a gate to the Vaults.
 27980 | D:14     | Noticed Nessos
 27984 | D:14     | Killed Nessos
 28161 | D:14     | Found a portal to a secret trove of treasure.
 28321 | D:15     | Entered Level 15 of the Dungeon
 28434 | D:15     | Found Ucucerus's Changing Room.
 28606 | D:15     | Identified the +6 scale mail "Voqam" {Harm rElec rF++ rC-}
 28899 | D:15     | Reached XP level 17. HP: 133/133 MP: 28/28
 29574 | D:15     | Found a staircase to the Depths.
 30476 | Orc:2    | Bought a ring of poison resistance for 220 gold pieces
 30658 | Spider:1 | Entered Level 1 of the Spider Nest
 30669 | Spider:1 | Identified the staff of Ukhlorry {rF+ Str+7 Dex-5 SInv
                  | Stlth- Fire}
 30974 | Spider:1 | Found a runed translucent door.
 31325 | Spider:1 | Noticed tish's ghost (journeyman SpHu)
 31344 | Spider:1 | Killed tish's ghost
 31345 | Spider:1 | Reached skill level 11 in Armour
 31351 | Spider:1 | Identified the ring "Johot" {AC+4 Dex+2}
 31530 | Spider:2 | Noticed Azrael
 31627 | Spider:2 | Noticed Kirke
 31700 | Spider:1 | Killed Kirke
 31798 | Shoals:1 | Entered Level 1 of the Shoals
 31814 | Shoals:1 | Noticed Donald
 31826 | Shoals:1 | Killed Donald
 33331 | Shoals:2 | Noticed Polyphemus
 33386 | Shoals:2 | Killed Polyphemus
 34068 | Shoals:2 | Reached XP level 18. HP: 143/143 MP: 30/30
 34399 | Shoals:3 | Noticed Jorgrun
 34408 | Shoals:3 | Killed Jorgrun
 34948 | Shoals:3 | Noticed Roxanne
 34985 | Shoals:3 | Killed Roxanne
 35058 | Shoals:3 | Acquired 763 gold pieces
 35382 | Shoals:4 | Entered Level 4 of the Shoals
 35768 | Shoals:4 | Reached skill level 12 in Armour
 37018 | Shoals:4 | Got a barnacled rune of Zot
 37278 | Shoals:4 | Identified the +6 broad axe "Icoylur" {vamp, *Slow rC+++
                  | rCorr Str-5}
 37297 | Shoals:4 | Noticed Louise
 37315 | Shoals:4 | Killed Louise
 37596 | Shoals:4 | Identified the +2 spear of the Ageless Beasts {freeze, rN+
                  | rCorr}
 37598 | Shoals:4 | Identified the +0 robe "Caul" {Harm rPois Slay-4 SInv}
 37665 | Shoals:4 | Noticed a kraken
 37679 | Shoals:4 | Killed a kraken
 37680 | Shoals:4 | Reached XP level 19. HP: 138/152 MP: 31/31
 37864 | Shoals:4 | Identified the +4 mace of Temperance {elec, rPois rF+
                  | Int+4}
 38277 | Shoals:2 | Found a runed translucent door.
 38500 | Shoals:2 | Identified the +8 chain mail of Pier {+Inv rC+}
 38524 | Shoals:2 | Acquired the +2 cloak of Fonyzokk {+Blink rPois}
 38935 | Spider:2 | Killed Azrael
 40415 | Spider:4 | Entered Level 4 of the Spider Nest
 41355 | Spider:4 | Noticed Bai Suzhen
 41393 | Spider:3 | Killed Bai Suzhen
 41993 | Spider:4 | Reached XP level 20. HP: 140/160 MP: 32/32
 42383 | Spider:4 | Got a gossamer rune of Zot
 42404 | Spider:4 | Identified the +4 barding "Jeraps" {Rampage rElec rPois
                  | Str+3}
 42653 | Vaults:1 | Entered Level 1 of the Vaults
 42661 | Vaults:1 | Noticed Boris
 42673 | Vaults:1 | Killed Boris
 42812 | Vaults:1 | Reached skill level 15 in Fighting
 43596 | Vaults:1 | Found Codiogia's Weapon Boutique.
 44247 | Vaults:1 | Upgraded the game from 0.31-a0-1547-g618ab1f346 to
                  | 0.31-a0-1555-g5715333c33
 44723 | Vaults:2 | Noticed Boris
 45270 | Vaults:2 | Reached XP level 21. HP: 170/170 MP: 34/34
 45326 | Vaults:2 | Noticed Zenata
 45362 | Vaults:1 | Killed Zenata
 45522 | Vaults:2 | Killed Boris
 45660 | Vaults:2 | Found a staircase to the Crypt.
 46356 | Vaults:3 | Found Inkicagi's Magic Scroll Shop.
 46360 | Vaults:3 | Bought a scroll of revelation for 105 gold pieces
 49151 | Vaults:4 | Noticed Margery
 49188 | Vaults:4 | Killed Margery
 49200 | Vaults:4 | Reached XP level 22. HP: 78/180 MP: 28/35
 50184 | Vaults:4 | Identified the serpent talisman of Zets {rN+ Will+}
 50184 | Vaults:4 | Noticed Aizul
 50202 | Vaults:4 | Killed Aizul
 50772 | Vaults:4 | Found the necklace of Bloodlust {Fury *Rage Will++ Int-3
                  | Slay+6}
 51509 | Elf:1    | Entered Level 1 of the Elven Halls
 51548 | Elf:1    | Reached skill level 13 in Armour
 52144 | Elf:1    | Got the Precepts of Injury
 52197 | Elf:1    | Reached skill level 14 in Armour
 52986 | Elf:2    | Reached skill level 15 in Armour
 53105 | Elf:2    | Found a runed translucent gate.
 53105 | Elf:2    | Found a runed translucent gate.
 53106 | Elf:2    | Found a runed translucent gate.
 53374 | Elf:2    | Identified the +7 short sword of the Hurting Gods {freeze,
                  | rC+}
 53531 | Elf:3    | Entered Level 3 of the Elven Halls
 53596 | Elf:3    | Found Lefuerph's General Store.
 53596 | Elf:3    | Found Deasm's Jewellery Emporium.
 53973 | Elf:3    | Found Dewitw Jeergh's Armour Shop.
 54558 | Elf:3    | Reached skill level 16 in Armour
 55258 | Elf:3    | Reached XP level 23. HP: 187/187 MP: 37/37
 55406 | Elf:3    | Identified the +0 robe of the Ecumenical Temple {rPois
                  | Regen+ Str+6 Dex-3}
 55841 | Elf:3    | Reached skill level 17 in Armour
 56630 | Elf:3    | Got the Grimoire of Weather and the Sphinx
 56660 | Elf:3    | Identified the +5 arbalest of Ashenzari's Whim {elec,
                  | Dex+4}
 56999 | Elf:3    | Found Lefuerph's General Store.
 57000 | Elf:3    | Found Deasm's Jewellery Emporium.
 57044 | Elf:3    | Found Dewitw Jeergh's Armour Shop.
 57704 | Depths:1 | Entered Level 1 of the Depths
 57887 | Depths:1 | Reached skill level 18 in Armour
 57914 | Depths:1 | Identified the +7 demon whip "Sesun" {elec, rC+}
 57939 | Depths:1 | Found a gateway to Hell.
 58514 | Depths:1 | Reached skill level 19 in Armour
 59159 | Depths:2 | Reached skill level 20 in Armour
 59536 | Depths:2 | Found a one-way gate leading to the halls of Pandemonium.
 59609 | Depths:2 | Reached XP level 24. HP: 169/195 MP: 37/37
 60099 | Depths:2 | Reached skill level 21 in Armour
 60249 | Depths:2 | Noticed Vv
 60290 | Depths:2 | Killed Vv
 61069 | Depths:2 | Reached skill level 22 in Armour
 61074 | Depths:2 | Noticed the Enchantress
 61155 | Depths:2 | Killed the Enchantress
 61582 | Depths:2 | Found a one-way gateway to a ziggurat.
 61604 | Depths:2 | Identified the +4 chain mail of Least Resistance {Str+5}
 61607 | Depths:2 | Reached XP level 25. HP: 205/205 MP: 37/37
 62110 | Depths:2 | Reached XP level 26. HP: 184/213 MP: 37/37
 62659 | Depths:3 | Reached skill level 10 in Dodging
 62908 | Depths:3 | Found a one-way gate to the infinite horrors of the Abyss.
 63213 | Depths:3 | Noticed a juggernaut
 63238 | Depths:3 | Killed a juggernaut
 63515 | Depths:3 | Noticed a juggernaut
 63537 | Depths:3 | Killed a juggernaut
 63709 | Depths:3 | Reached skill level 23 in Armour
 63831 | Depths:3 | Reached XP level 27. HP: 180/221 MP: 37/37
 64272 | Depths:3 | Identified the +1 robe of Moral Flaws {Str+4 Slay-5}
 64307 | Depths:3 | Found Hetabuwo's Antique Weapon Emporium.
 64704 | Depths:3 | Found a one-way gate to the infinite horrors of the Abyss.
 64835 | Depths:3 | Found Hetabuwo's Antique Weapon Emporium.
 65392 | Depths:4 | Entered Level 4 of the Depths
 65797 | Depths:4 | Reached skill level 24 in Armour
 66600 | Depths:4 | Noticed Boris
 66618 | Depths:4 | Killed Boris
 67672 | Depths:4 | Reached skill level 25 in Armour
 67683 | Depths:4 | Found a gate to the Realm of Zot.
 68153 | Orc:1    | Killed confidenceinterval's ghost
 68387 | Crypt:1  | Entered Level 1 of the Crypt
 68848 | Crypt:1  | Reached skill level 26 in Armour
 69198 | Crypt:1  | Identified the +6 hand axe of Gravity {distort, rElec rF-
                  | rC- Stlth+}
 70177 | Crypt:3  | Entered Level 3 of the Crypt
 70177 | Crypt:3  | Found a staircase to the Tomb.
 71130 | Crypt:3  | Reached skill level 27 in Armour
 72370 | Crypt:3  | Identified the ring "Eczuelami" {rN+ Str+3}
 72370 | Crypt:3  | Noticed Jory
 72381 | Crypt:3  | Killed Jory
 72586 | Crypt:3  | Identified the +7 leather armour of Divine Intervention
                  | {rC++ rN+}
 73149 | Depths:3 | Voluntarily entered the Abyss.
 73336 | Abyss:1  | Found a corrupted altar of Lugonu.
 74046 | Abyss:2  | Found a blossoming altar of Fedhas.
 74058 | Abyss:2  | Found a blossoming altar of Fedhas.
 74058 | Abyss:2  | Found a blossoming altar of Fedhas.
 74303 | Abyss:2  | Gained mutation: You are frail. (-10% HP) [a neqoxec]
 74343 | Abyss:2  | Noticed an ancient lich
 74350 | Abyss:2  | Killed an ancient lich
 74720 | Abyss:3  | HP: 1/201 [thorn hunter/volley of thorns (21)]
 74749 | Abyss:3  | Killed from afar by a hellion

Illustrated notes

Levels and vault maps discovered:
D:1:      dpeg_arrival_rooms_with_view, layout_basic
D:2:      layout_basic, serial_shops, shop
D:3:      layout_basic, chequers_big_river, kennysheep_path_1, minivault_11
D:4:      layout_basic, minitemple, trog_ov_bears_minmay
D:5:      layout_cave_pods, serial_glass, glass_columns_c, glass_columns_a,
          feat_on_display, due_unseen_surprise, item_on_display_a,
          minmay_strange_pillars, dk_noncrumbling_2
D:6:      layout_layer_cave, minmay_temple_entry_ruins, uniq_duvessa
D:7:      layout_gridville, nicolae_ru_path_of_blood, uniq_menkaure
D:8:      layout_loops_ring, serial_shops, shop, guppyfry_early_elven_hall
D:9:      minmay_octagon_keep, layout_stronghold, david_orc_2, serial_shops,
          nicolae_shop_pleasant_corner_grove, uniq_pikel
D:10:     layout_loops_ring, erik_lair_orcish_takeover, enter_bailey_5,
          nicolae_two_hexagons, nicolae_beast_mode
D:11:     layout_gridville
D:12:     minmay_two_paths, layout_irregular_city, kennysheep_generic_room_8
D:13:     layout_basic, ximxim_vaults_locker_room, fake_guardian_serpent_vault
D:14:     layout_rooms, enter_trove_5, uniq_nessos
D:15:     gammafunk_enter_depths_forms, layout_loops_cross,
          nicolae_transmutations_shop, nicolae_hexahallways,
          serial_bayou_lagoon_a, nicolae_fountain_basement
Lair:1:   layout_misc_corridors, cheibrodos_lair_lostbears
Lair:2:   layout_gridlike, gauntlet_entry_generic
Lair:3:   layout_small_grid, minmay_shoals_entry_hut,
          nicolae_spider_entry_non_spiders, grunt_megastairs_4, uniq_fannar
Lair:4:   layout_gridlike, slime_entry_1, roderic_batcave,
          nicolae_lair_lindhole, uniq_sonja
Lair:5:   evilmike_catoblepas_cave, layout_gridlike, grunt_megastairs_3
Shoals:1: layout_shoals, uniq_donald
Shoals:2: nicolae_shoals_offshore_bank_account, layout_shoals,
          nicolae_shoals_arrival_archipelago, uniq_polyphemus
Shoals:3: layout_shoals, uniq_roxanne, uniq_jorgrun
Shoals:4: shoals_end_grunt_ice, layout_shoals, uniq_louise
Spider:1: layout_cave_pods, gammafunk_ghost_grave,
          hangedman_spider_tarantella_strand
Spider:2: layout_spider_delve, uniq_azrael, uniq_kirke
Spider:3: layout_spider_delve
Spider:4: grunt_spider_rune_island, uniq_bai_suzhen
Orc:1:    layout_caves, ebering_ghost_xom, serial_shops, shop
Orc:2:    grunt_orc_tribal_feast, layout_diamond_mine, minmay_orc_temple_c,
          uniq_saint_roka
Elf:1:    eino_elf_arrival_the_gate, layout_geoelf_grid, minmay_elf_annihilation
Elf:2:    elven_hall_of_blades_hangedman_original [grunt_blade_entry_basic],
          layout_loops_corners, onia_ninara_cookie
Elf:3:    elf_hall_gauntlet_narrow, layout_geoelf_castle, serial_shops,
          nicolae_shop_crystal, nicolae_lakefront_shop, nicolae_shop_trees
Vaults:1: grunt_vaults_hallway_short, grunt_vaults_focal,
          nicolae_vaults_shrinking_rooms_1, v_pattern_2,
          nicolae_vaults_more_shelving_1, hangedman_vaults_river_flow,
          nicolae_vaults_frosty_reception, v_misc_11,
          nicolae_vaults_trapezoid_4, nicolae_vaults_library_corner,
          nicolae_vaults_house_3, nicolae_vaults_double_plus_1,
          layout_vaults_maze_snakey, serial_shops,
          nicolae_shop_tiny_statue_garden, uniq_boris
Vaults:2: ontoclasm_vaults_ring_large, vaults_mumra_hexcomb, v_misc_4,
          nicolae_vaults_yaktaur_gun_rack, ontoclasm_vaults_shuriken,
          vaults_room_pools, nicolae_vaults_tetromino_T_1,
          layout_vaults_big_room, minmay_crypt_entry_simple_corners, uniq_zenata
Vaults:3: nicolae_vaults_network_barrier, nicolae_vaults_shrinking_rooms_2,
          nicolae_vaults_big_ls, vaults_room_hallway,
          nicolae_vaults_trapezoid_layered, v_misc_1, v_alt_pattern_5,
          nicolae_vaults_hallways_thing, vaults_standard_mumra_x,
          nicolae_vaults_specimen_jars, nicolae_vaults_tetromino_L_1,
          ontoclasm_vaults_loading_screen, nicolae_vaults_house_1,
          layout_vaults_big_cross, serial_shops, shop
Vaults:4: vaults_dpeg_doors, nicolae_vaults_turnstiles, vaults_room_fancy_cross,
          vaults_room_fours, nicolae_vaults_sealed_display,
          hangedman_vaults_pinch, v_misc_14, layout_vaults_omnigrid,
          uniq_margery, uniq_aizul
Crypt:1:  layout_misc_corridors, nicolae_crypt_ancient_font,
          grunt_crypt_arrival_webbed
Crypt:2:  layout_chaotic_city
Crypt:3:  due_elkab, layout_chaotic_city
Depths:1: layout_gridlike, hellmouth_3, solitary_fountain, serial_bayou_crossing
Depths:2: lemuel_river_lethe, hell_entry, pan_entry, uniq_enchantress, uniq_vv
Depths:3: nicolae_legendary_halls, layout_basic, serial_shops,
          nicolae_stop_n_shop_2, nicolae_figureground_sparkle, pan_entry,
          hell_entry, hangedman_abyss_entry_splay
Depths:4: grunt_zot_entry_funnels, layout_gridlike, hell_entry,
          serial_bayou_shore_b
Abyss:3:  base: D:14, nicolae_abyss_rune_left_handed,
          nicolae_abyss_rune_left_handed

Skill      XL: |  1  2  3  4  5  6  7  8  9 10 11 12 13 14 15 16 17 18 19 20 21 22 23 24 25 26 27 |
---------------+----------------------------------------------------------------------------------+-----
Ranged Weapons | 5 6 8 9 10 12 13 14 16 17 18 19 20 | 20.5
Armour         | 2 3 4 6 8 9 10 11 12 16 20 22 23 27 | 27.0
Fighting       | 3 4 6 8 9 10 12 13 14 15 16 17 18 19 | 19.9
Dodging        | 2 4 6 7 8 9 10 11 | 11.4
Shields        | 12 15 16 18 19 21 22 23 24 | 24.0
Invocations    | 7 12 14 15 16 17 18 19 20 21 | 21.7
Stealth        | |  1.2

Action                     |  1- 3 |  4- 6 |  7- 9 | 10-12 | 13-15 | 16-18 | 19-21 | 22-24 | 25-27 || total
---------------------------+-------+-------+-------+-------+-------+-------+-------+-------+-------++-------
  Melee: Dagger            |     1 |     6 |       |       |       |       |       |       |       ||     7
   Fire: Shortbow          |   110 |   131 |   279 |   813 |  1643 |    77 |       |       |       ||  3053
         Orcbow            |       |       |       |       |       |  1181 |  1475 |  1698 |   895 ||  5249
         Arbalest          |       |       |       |       |       |       |       |       |  1081 ||  1081
  Throw: Dart              |       |       |     1 |       |       |       |       |       |       ||     1
 Invoke: Divine Shield     |       |       |       |       |     4 |     5 |     4 |     4 |     3 ||    20
         Summon Divine War |       |       |       |       |     2 |     1 |     2 |     5 |     5 ||    15
         Cleansing Flame   |       |       |       |       |       |       |       |     1 |     2 ||     3
  Evoke: Wand              |       |       |       |     1 |       |       |       |     1 |       ||     2
    Use: Scroll            |       |     9 |     4 |    16 |     1 |     9 |     1 |       |       ||    40
         Potion            |       |       |     1 |     3 |       |       |     2 |     5 |     5 ||    16
 Armour: Leather armour    |    23 |       |       |       |       |       |       |       |       ||    23
         Ring mail         |    19 |    41 |    82 |    55 |       |       |       |       |       ||   197
         Steam dragon scal |       |       |       |   122 |   431 |   257 |   199 |    13 |       ||  1022
         Storm dragon scal |       |       |       |       |       |       |       |   322 |   551 ||   873
  Dodge: Dodged            |    45 |    69 |   110 |   251 |   301 |   286 |   223 |   188 |   328 ||  1801
  Block: Kite shield       |       |       |       |   186 |   703 |   591 |     6 |       |       ||  1486
         Reflection        |       |       |       |       |       |    37 |    44 |    10 |       ||    91
         Tower shield      |       |       |       |       |       |       |  1014 |  1183 |  1516 ||  3713

Table legend: (Time is in decaauts)
 A = Elapsed time spent in this place.
 B = Non-inter-level travel time spent in this place.
 C = Inter-level travel time spent in this place.
 D = Time resting spent in this place.
 E = Time spent auto-exploring this place.
 F = Levels seen in this place.
 G = Mean time per level.
                   A        B        C        D        E       F      G
               +--------+--------+--------+--------+--------+-----+--------+
         Total |  74291 |  67314 |   6977 |  14436 |  24592 |  48 | 1547.7 |
       Dungeon |  21072 |  18099 |   2973 |   1935 |   9763 |  15 | 1404.8 |
          Lair |   7042 |   6357 |    685 |   1124 |   2529 |   5 | 1408.4 |
        Shoals |   6721 |   6247 |    474 |   1880 |   1803 |   4 | 1680.2 |
   Spider Nest |   4941 |   4562 |    379 |   1578 |   1610 |   4 | 1235.2 |
  Orcish Mines |   3462 |   2895 |    567 |    705 |   1069 |   2 | 1731.0 |
   Elven Halls |   6023 |   5666 |    357 |   1691 |   1473 |   3 | 2007.7 |
        Vaults |   8429 |   7465 |    964 |   1752 |   2340 |   4 | 2107.2 |
         Crypt |   4534 |   4332 |    202 |    842 |   1088 |   3 | 1511.3 |
        Depths |  10072 |   9700 |    372 |   2580 |   2706 |   4 | 2518.0 |
         Abyss |   1670 |   1670 |      0 |    348 |    186 |   3 |  556.7 |
        Bailey |    321 |    321 |      0 |      0 |     23 |   1 |  321.0 |
               +--------+--------+--------+--------+--------+-----+--------+

Top non-repeatable levels by time:
   Elf:3: 3738 daAuts
Depths:3: 3413 daAuts
Depths:2: 3005 daAuts
Vaults:3: 2609 daAuts
Vaults:1: 2257 daAuts
 Crypt:3: 2232 daAuts
    D:13: 2151 daAuts
Depths:4: 2081 daAuts
    D:15: 2077 daAuts
Shoals:4: 2075 daAuts
   Orc:2: 2014 daAuts
Shoals:2: 1977 daAuts
  Lair:3: 1943 daAuts
    D:10: 1939 daAuts
Vaults:4: 1936 daAuts
